 Dungeon Crawl Stone Soup version 0.28-a0-476-g0f06bd746f (webtiles) character file.

Game seed: 257604310271945654

394 pepper333 the Ruffian (level 6, 0/61 HPs)
             Began as a Troll Fighter on Sept 16, 2021.
             Slain by an ice beast (4 damage)
             ... on level 4 of the Dungeon.
             The game lasted 00:10:41 (2971 turns).

pepper333 the Ruffian (Troll Fighter)               Turns: 2971, Time: 00:10:41

Health: 0/61       AC:  4    Str: 26    XL:     6   Next: 51%
Magic:  5/5        EV:  8    Int:  4    God:
Gold:   299        SH:  7    Dex: 10    Spells: 5/5 levels left

rFire   . . .      SeeInvis .     - Unarmed
rCold   . . .      Faith    .   b - +0 kite shield
rNeg    . . .      Spirit   .   a - +0 robe
rPois   .          Reflect  .   (helmet restricted)
rElec   .          Harm     .   (no cloak)
rCorr   +          Rampage  .   (gloves unavailable)
Will    .....                   (boots unavailable)
Stlth   +.........              i - amulet of the acrobat
HPRegen 1.20/turn               e - ring of resist corrosion
MPRegen 0.09/turn               (no ring)

@: no status effects
A: large, unfitting armour, claws 3, regeneration 1, shaggy fur 1, tough skin 1
a: no special abilities


You were on level 4 of the Dungeon.
You visited 1 branch of the dungeon, and saw 5 of its levels.

You collected 299 gold pieces.

Inventory:

Missiles
 d - 62 poisoned darts (quivered)
Armour
 a - a +0 robe (worn)
 b - a +0 kite shield (worn)
Jewellery
 e - a ring of resist corrosion (left claw)
 i - an amulet of the acrobat (around neck)
Scrolls
 g - 2 scrolls of enchant armour {unknown}
 h - 5 scrolls of identify {unknown}
 l - a scroll of teleportation {unknown}
 p - 2 scrolls of magic mapping {unknown}
 q - a scroll of fog {unknown}
Potions
 c - a potion of might
 f - 3 potions of curing {unknown}
 j - a potion of degeneration {unknown}
 k - a potion of magic {unknown}
 m - a potion of haste {unknown}
 n - a potion of lignification {unknown}
 o - a potion of heal wounds {unknown}


   Skills:
 + Level 3.0 Fighting
 + Level 3.6 Dodging
 + Level 0.4 Stealth
 + Level 3.5 Shields
 + Level 4.5 Unarmed Combat


You had 5 spell levels left.
You didn't know any spells.
Your spell library contained the following spells:

 Spells                   Type           Power      Damage    Failure   Level
 Magic Dart               Conj           0%         1d3       88%         1
 Call Imp                 Summ           0%         N/A       95%         2
 Ensorcelled Hibernation  Hex/Ice        0%         N/A       95%         2
 Mephitic Cloud           Conj/Pois/Air  0%         N/A       99%         3
 Tukima's Dance           Hex            0%         N/A       99%         3


Dungeon Overview and Level Annotations

Branches:
Dungeon (5/15)             Temple (0/1) D:4

Altars:

Shops:
D:1 [

Annotations:
D:5 Sigmund


Innate Abilities, Weirdness & Mutations

You are too large for most types of armour.
You have claws for hands.
Your natural rate of healing is unusually fast.
You are covered in fur. (AC +1)
You have tough skin. (AC +1)


Message History

You climb downwards.
Level annotation: Sigmund The centaur zombie barely misses you.
You block the centaur zombie's attack.
The centaur zombie hits you but does no damage.
The centaur zombie kicks you but does no damage.
The ice beast hits you. The ice beast freezes you.
You block the centaur zombie's attack. x2
There is a stone staircase leading up here.
You block the centaur zombie's attack.
The centaur zombie kicks you but does no damage.
You block the centaur zombie's attack. The centaur zombie kicks you.
The ice beast hits you but does no damage.
The centaur zombie hits you. The centaur zombie kicks you.
You climb upwards.
There is a stone staircase leading down here.
You scratch the ice beast but do no damage.
The ice beast hits you. The ice beast freezes you!
You barely miss the ice beast. You block the ice beast's attack.
You completely miss the ice beast. You block the ice beast's attack.
You scratch the ice beast.
The ice beast is lightly wounded.
You block the ice beast's attack.
You claw the ice beast!
The ice beast is heavily wounded.
The ice beast closely misses you. The ice beast hits you.
The ice beast freezes you!
You claw the ice beast!
The ice beast is almost dead.
The ice beast hits you. The ice beast freezes you!
* * * LOW HITPOINT WARNING * * *
You scratch the ice beast but do no damage.
The ice beast is almost dead.
The ice beast hits you.
* * * LOW HITPOINT WARNING * * *
The ice beast freezes you!
* * * LOW HITPOINT WARNING * * *
Your shield prevents you from hitting the ice beast.
The ice beast is almost dead.
The ice beast hits you.
You die...

#...............#
########.[.............#
##......................#
##......)..<.............#
###.....................(.##
.##..............^.#.....##
..#..............#########
#.#..............#
#.#.............@#
...............Y##
#.##.(.........##
#....##..[....## #####
#..####........# #...#
...#####.....#.#######...#
##.##................#...#
#.............######.....#
......#........## ##....#


You could see an ice beast.

Vanquished Creatures
  A water moccasin (D:3)
  A bullfrog zombie (D:3)
  A hound (D:4)
  An iguana (D:4)
  A hound skeleton (D:4)
  6 gnolls
  3 adders
  A worm (D:3)
  An adder skeleton (D:3)
  A dart slug (D:1)
  8 orcs (D:3)
  13 bats
  7 endoplasms
  3 giant cockroaches
  7 goblins
  6 hobgoblins
  9 kobolds
  3 quokkas
  4 ball pythons
  4 frilled lizards
  12 rats
93 creatures vanquished.

Notes
Turn   | Place    | Note
-------+----------+-------------------------------------------
     0 | D:1      | pepper333 the Troll Fighter began the quest for the Orb.
     0 | D:1      | Reached XP level 1. HP: 22/22 MP: 0/0
   189 | D:1      | Reached XP level 2. HP: 29/29 MP: 1/1
   220 | D:1      | Found Kiwumeo's Antique Armour Shoppe.
   454 | D:1      | Found a faded altar of an unknown god.
   890 | D:2      | Reached XP level 3. HP: 36/36 MP: 2/2
  1468 | D:3      | Reached XP level 4. HP: 44/44 MP: 3/3
  1947 | D:3      | Reached skill level 3 in Unarmed Combat
  2108 | D:3      | Reached XP level 5. HP: 17/52 MP: 4/4
  2139 | D:3      | Noticed a water moccasin
  2152 | D:3      | Killed a water moccasin
  2153 | D:3      | Reached skill level 4 in Unarmed Combat
  2153 | D:3      | Reached XP level 6. HP: 59/59 MP: 5/5
  2808 | D:4      | Found a staircase to the Ecumenical Temple.
  2955 | D:5      | Entered Level 5 of the Dungeon
  2955 | D:5      | Noticed Sigmund
  2955 | D:5      | Noticed an ice beast
  2970 | D:4      | HP: 2/61 [ice beast (14)]
  2971 | D:4      | Slain by an ice beast

Illustrated notes

Levels and vault maps discovered:
D:1:      wander_arrival_lonely_grave, layout_loops_ring,
          shapermc_ecumenical_altar_venn, serial_shops, shop,
          chequers_serial_rivers_marsh, minmay_tetromino_s2
D:2:      layout_rooms
D:3:      layout_loops_ring, minmay_misc_feat_pillars, minmay_starry_boxes
D:4:      layout_rooms, minmay_temple_entry_glassed_door
D:5:      minmay_chambers_of_fours, layout_cave_pools, sigmund_army,
          uniq_prince_ribbit1

Skill      XL: |  1  2  3  4  5  6 |
---------------+-------------------+-----
Dodging        | 3 |  3.6
Shields        | 3 |  3.5
Unarmed Combat | 3 4 |  4.5
Fighting       | 3 |  3.0
Stealth        | |  0.4

Action                   |  1- 3 |  4- 6 || total
-------------------------+-------+-------++-------
Melee: Unarmed           |   141 |   151 ||   292
Armor: Robe              |   109 |    30 ||   139
Dodge: Dodged            |   139 |    81 ||   220
Block: Kite shield       |   134 |    77 ||   211

Table legend: (Time is in decaauts)
 A = Elapsed time spent in this place.
 B = Non-inter-level travel time spent in this place.
 C = Inter-level travel time spent in this place.
 D = Time resting spent in this place.
 E = Time spent auto-exploring this place.
 F = Levels seen in this place.
 G = Mean time per level.
                   A        B        C        D        E       F      G
               +--------+--------+--------+--------+--------+-----+--------+
         Total |   3019 |   2981 |     38 |      0 |   1231 |   5 |  603.8 |
       Dungeon |   3019 |   2981 |     38 |      0 |   1231 |   5 |  603.8 |
               +--------+--------+--------+--------+--------+-----+--------+

Top non-repeatable levels by time:
     D:3: 1017 daAuts
     D:1: 902 daAuts
     D:4: 554 daAuts
     D:2: 539 daAuts
     D:5: 6 daAuts
